SAAA
SUNSET DISTRICT FOG @ AUGUSTA TIMBER HAWKS
08/30/2037
 
TOP OF THE 1ST
Sunset District Fog batting - Pitching for Augusta Timber Hawks : RHP Ean Somoza
Pitching: RHP Ean Somoza
Batting: SHB Zack Murphy 0-0: Ball
1-0: Ball
2-0: Called Strike
2-1: Foul Ball, location: 2F
2-2: Ground out 1-3 (Groundball, 13, EV 84.4 MPH)
Batting: RHB Vonne Navarrete 0-0: Called Strike
0-1: Ball
1-1: Ball
2-1: Ball
3-1: Foul Ball, location: 2F
3-2: Base on Balls
Batting: LHB Tim O'Neal 0-0: Ball
1-0: Foul Ball, location: 2F
1-1: Foul Ball, location: 2F
1-2: Fielders Choice at 2nd, 4-6 (Groundball, 4, EV 83.8 MPH)
Batting: RHB Silvian Burger 0-0: Called Strike
Tim O'Neal steals 2nd base
0-1: Ball
1-1: Called Strike
1-2: Ball
2-2: Ground out 6-3 (Groundball, 6, EV 101.9 MPH)
Top of the 1st over - 0 runs, 0 hits, 0 errors, 1 left on base; Sunset District 0 - Augusta 0
BOTTOM OF THE 1ST
Augusta Timber Hawks batting - Pitching for Sunset District Fog : RHP Akinori Yamauchi
Pitching: RHP Akinori Yamauchi
Batting: SHB Francisco Enríquez 0-0: Bunt for hit to 23 - play at first, batter OUT! 3-4
Batting: LHB Seung-soo Ch'ae 0-0: SINGLE (Flyball, 78M, EV 93.1 MPH)
Batting: LHB Ramiro Palmeiro 0-0: Ball
1-0: Fielders Choice at 2nd, 5-4 (Groundball, 5, EV 91.9 MPH)
Batting: RHB Juan Chávez 0-0: Ball
1-0: Swinging Strike
1-1: Fielders Choice at 2nd, 5-4 (Groundball, 56, EV 103.1 MPH)
Bottom of the 1st over - 0 runs, 1 hit, 0 errors, 1 left on base; Sunset District 0 - Augusta 0
TOP OF THE 2ND
Sunset District Fog batting - Pitching for Augusta Timber Hawks : RHP Ean Somoza
Batting: RHB José Vargas 0-0: Called Strike
0-1: Ball
1-1: Fly out, F8 (Flyball, 8RD, EV 85.0 MPH)
Batting: SHB Cecil Nelson 0-0: Called Strike
0-1: Ball
1-1: Ball
2-1: Ball
3-1: Called Strike
3-2: Base on Balls
Batting: LHB Jesús Colón 0-0: Foul Ball, location: 2F
0-1: Ball
1-1: Called Strike
1-2: Ball
2-2: Fielders Choice at 2nd, 3-6 (Groundball, 3, EV 84.4 MPH)
Batting: RHB George Hubbard 0-0: Foul Ball, location: 2F
0-1: Ball
1-1: Swinging Strike
1-2: Fly out, F9 (Line Drive, 9, EV 88.8 MPH)
Top of the 2nd over - 0 runs, 0 hits, 0 errors, 1 left on base; Sunset District 0 - Augusta 0
BOTTOM OF THE 2ND
Augusta Timber Hawks batting - Pitching for Sunset District Fog : RHP Akinori Yamauchi
Batting: RHB David Martínez 0-0: Ball
1-0: Ball
2-0: Swinging Strike
2-1: Foul Ball, location: 2F
2-2: Ground out 5-3 (Groundball, 56, EV 83.1 MPH)
Batting: LHB Ken Gill 0-0: Called Strike
0-1: Ball
1-1: Swinging Strike
1-2: Foul Ball, location: 2F
1-2: DOUBLE (Groundball, 3L, EV 93.8 MPH)
Batting: SHB Hong-bo Zhui 0-0: Ball
1-0: Fly out, F9 (Flyball, 9S, EV 76.9 MPH)
Batting: RHB Pat Sizemore 0-0: Foul Ball, location: 2F
0-1: Ball
1-1: Foul Ball, location: 2F
1-2: Ball
2-2: Ball
3-2: Fly out, F9 (Flyball, 9LS, EV 82.5 MPH)
Bottom of the 2nd over - 0 runs, 1 hit, 0 errors, 1 left on base; Sunset District 0 - Augusta 0
TOP OF THE 3RD
Sunset District Fog batting - Pitching for Augusta Timber Hawks : RHP Ean Somoza
Batting: RHB Tony Hernández 0-0: Ball
1-0: Ball
2-0: Called Strike
2-1: Ball
3-1: Base on Balls
Batting: SHB Zack Murphy 0-0: Swinging Strike
0-1: Called Strike
0-2: Fielders Choice at 2nd, 4-6 (Groundball, 4, EV 85.6 MPH)
Batting: RHB Vonne Navarrete 0-0: Ball
1-0: Ball
2-0: Called Strike
2-1: Swinging Strike
2-2: Ball
3-2: Strikes out swinging
Batting: LHB Tim O'Neal 0-0: Swinging Strike
0-1: Swinging Strike
0-2: Strikes out swinging
Top of the 3rd over - 0 runs, 0 hits, 0 errors, 1 left on base; Sunset District 0 - Augusta 0
BOTTOM OF THE 3RD
Augusta Timber Hawks batting - Pitching for Sunset District Fog : RHP Akinori Yamauchi
Batting: RHB Mike Printup 0-0: Ball
1-0: Foul Ball, location: 2F
1-1: Fly out, F9 (Flyball, 89S, EV 81.2 MPH)
Batting: SHB Francisco Enríquez 0-0: Ball
1-0: Ground out 4-3 (Groundball, 4S, EV 69.4 MPH)
Batting: LHB Seung-soo Ch'ae 0-0: Ground out 6-3 (Groundball, 6M, EV 93.1 MPH)
Bottom of the 3rd over - 0 runs, 0 hits, 0 errors, 0 left on base; Sunset District 0 - Augusta 0
TOP OF THE 4TH
Sunset District Fog batting - Pitching for Augusta Timber Hawks : RHP Ean Somoza
Batting: RHB Silvian Burger 0-0: Ball
1-0: Foul Ball, location: 2F
1-1: Ball
2-1: Ball
3-1: Base on Balls
Batting: RHB José Vargas 0-0: Foul Ball, location: 2F
0-1: Ball
1-1: Called Strike
1-2: Strikes out looking
Batting: SHB Cecil Nelson 0-0: Foul Ball, location: 2F
0-1: Called Strike
0-2: Ball
1-2: 2-RUN HOME RUN (Flyball, 9D, EV 107.5 MPH), Distance : 362 ft
Batting: LHB Jesús Colón 0-0: Ball
1-0: Foul Ball, location: 2F
1-1: Foul Ball, location: 2F
1-2: Ball
2-2: Foul Ball, location: 2F
2-2: Foul Ball, location: 2F
2-2: Foul Ball, location: 2F
2-2: Strikes out looking
Batting: RHB George Hubbard 0-0: Ground out 4-3 (Groundball, 4, EV 82.5 MPH)
Top of the 4th over - 2 runs, 1 hit, 0 errors, 0 left on base; Sunset District 2 - Augusta 0
BOTTOM OF THE 4TH
Augusta Timber Hawks batting - Pitching for Sunset District Fog : RHP Akinori Yamauchi
Batting: LHB Ramiro Palmeiro 0-0: SOLO HOME RUN (Flyball, 89XD, EV 108.8 MPH), Distance : 426 ft
Batting: RHB Juan Chávez 0-0: Ball
1-0: Called Strike
1-1: SINGLE (Groundball, 4MD, EV 94.4 MPH)
Batting: RHB David Martínez 0-0: Ground out 3-1 (Groundball, 34, EV 83.1 MPH)
Juan Chávez to second
Batting: LHB Ken Gill 0-0: Called Strike
0-1: Ball
1-1: Foul Ball, location: 2F
1-2: Ground out 6-3 (Groundball, 6, EV 85.0 MPH)
Batting: SHB Hong-bo Zhui 0-0: Ball
1-0: Ball
2-0: Fly out, F8 (Flyball, 8LD, EV 95.6 MPH)
Bottom of the 4th over - 1 run, 2 hits, 0 errors, 1 left on base; Sunset District 2 - Augusta 1
TOP OF THE 5TH
Sunset District Fog batting - Pitching for Augusta Timber Hawks : RHP Ean Somoza
Batting: RHB Tony Hernández 0-0: Called Strike
0-1: SOLO HOME RUN (Flyball, 7D, EV 105.0 MPH), Distance : 393 ft
Batting: SHB Zack Murphy 0-0: Ground out 6-3 (Groundball, 6MD, EV 85.6 MPH)
Batting: RHB Vonne Navarrete 0-0: Ball
1-0: Called Strike
1-1: Called Strike
1-2: Ball
2-2: Strikes out swinging
Batting: LHB Tim O'Neal 0-0: Ball
1-0: Ball
2-0: Ball
3-0: Called Strike
3-1: Fly out, F8 (Line Drive, 8RM, EV 92.5 MPH)
Top of the 5th over - 1 run, 1 hit, 0 errors, 0 left on base; Sunset District 3 - Augusta 1
BOTTOM OF THE 5TH
Augusta Timber Hawks batting - Pitching for Sunset District Fog : RHP Akinori Yamauchi
Batting: RHB Pat Sizemore 0-0: Called Strike
0-1: Foul Ball, location: 2F
0-2: Ball
1-2: Foul Ball, location: 2F
1-2: Strikes out swinging
Batting: RHB Mike Printup 0-0: Foul Ball, location: 2F
0-1: Ground out 3-1 (Groundball, 34, EV 91.9 MPH)
Batting: SHB Francisco Enríquez 0-0: Foul Ball, location: 2F
0-1: Ball
1-1: Swinging Strike
1-2: Fly out, F8 (Flyball, 8RS, EV 96.2 MPH)
Bottom of the 5th over - 0 runs, 0 hits, 0 errors, 0 left on base; Sunset District 3 - Augusta 1
TOP OF THE 6TH
Sunset District Fog batting - Pitching for Augusta Timber Hawks : RHP Ean Somoza
Pitching: LHP Billy Brooks
Batting: RHB Silvian Burger 0-0: Called Strike
0-1: Ball
1-1: Called Strike
1-2: SINGLE (Line Drive, 78S, EV 91.2 MPH)
Batting: RHB José Vargas 0-0: Swinging Strike
0-1: Swinging Strike
0-2: Foul Ball, location: 2F
0-2: DOUBLE (Line Drive, 3D, EV 96.9 MPH)
Silvian Burger to third
Runner from 3rd tries for Home, SAFE, throw by RF to trailing runner, SAFE at third!
Batting: SHB Cecil Nelson 0-0: Swinging Strike
0-1: Ball
1-1: Fly out, F8 (Line Drive, 8LM, EV 101.2 MPH)
Runner from 3rd tags up, OUT at HOME! 8-2
Batting: LHB Jesús Colón 0-0: Called Strike
0-1: Ball
1-1: Foul Ball, location: 2F
1-2: Ball
2-2: Ball
3-2: Base on Balls
Batting: RHB George Hubbard 0-0: Ball
1-0: Called Strike
1-1: Foul Ball, location: 2F
1-2: Foul Ball, location: 2F
1-2: Ball
2-2: Fielders Choice at 2nd, 6-4 (Groundball, 6, EV 101.2 MPH)
Top of the 6th over - 1 run, 2 hits, 0 errors, 1 left on base; Sunset District 4 - Augusta 1
BOTTOM OF THE 6TH
Augusta Timber Hawks batting - Pitching for Sunset District Fog : RHP Akinori Yamauchi
Batting: LHB Seung-soo Ch'ae 0-0: Ball
1-0: Called Strike
1-1: Ground out 4-3 (Groundball, 4, EV 100.0 MPH)
Batting: LHB Ramiro Palmeiro 0-0: Ball
1-0: Foul Ball, location: 2F
1-1: Foul Ball, location: 2F
1-2: Ball
2-2: Ball
3-2: Foul Ball, location: 2F
3-2: Fly out, F8 (Flyball, 8LM, EV 92.5 MPH)
Batting: RHB Juan Chávez 0-0: Called Strike
0-1: Foul Ball, location: 2F
0-2: Foul Ball, location: 2F
0-2: Foul Ball, location: 2F
0-2: Ball
1-2: Foul Ball, location: 2F
1-2: Fly out, F4 (Popup, 4S, EV 83.8 MPH)
Bottom of the 6th over - 0 runs, 0 hits, 0 errors, 0 left on base; Sunset District 4 - Augusta 1
TOP OF THE 7TH
Sunset District Fog batting - Pitching for Augusta Timber Hawks : LHP Billy Brooks
Batting: RHB Tony Hernández 0-0: Ground out 4-3 (Groundball, 4, EV 101.9 MPH)
Batting: SHB Zack Murphy 0-0: Ground out 6-3 (Groundball, 6, EV 105.6 MPH)
Batting: RHB Vonne Navarrete 0-0: Called Strike
0-1: Foul Ball, location: 2F
0-2: Ball
1-2: Fly out, F8 (Line Drive, 8RD, EV 91.9 MPH)
Top of the 7th over - 0 runs, 0 hits, 0 errors, 0 left on base; Sunset District 4 - Augusta 1
BOTTOM OF THE 7TH
Augusta Timber Hawks batting - Pitching for Sunset District Fog : RHP Akinori Yamauchi
Batting: RHB David Martínez 0-0: Ball
1-0: Foul Ball, location: 2F
1-1: Ball
2-1: DOUBLE (Line Drive, 9LS, EV 97.5 MPH)
Batting: LHB Ken Gill 0-0: Ball
1-0: Called Strike
1-1: Swinging Strike
1-2: Foul Ball, location: 2F
1-2: Ground out 4-3 (Groundball, 4, EV 80.6 MPH)
David Martínez to third
Batting: SHB Hong-bo Zhui 0-0: Swinging Strike
0-1: Ball
1-1: Fly out, F5 (Popup, 5SF, EV 72.5 MPH)
Batting: RHB Pat Sizemore 0-0: Ball
1-0: Called Strike
1-1: SINGLE (Groundball, 56, EV 96.2 MPH)
David Martínez scores
Batting: RHB Mike Printup 0-0: Ball
1-0: Called Strike
1-1: Fly out, F8 (Flyball, 8LS, EV 87.5 MPH)
Bottom of the 7th over - 1 run, 2 hits, 0 errors, 1 left on base; Sunset District 4 - Augusta 2
TOP OF THE 8TH
Sunset District Fog batting - Pitching for Augusta Timber Hawks : LHP Billy Brooks
Batting: LHB Tim O'Neal 0-0: Ball
1-0: Ball
2-0: Ball
3-0: Called Strike
3-1: Base on Balls
Batting: RHB Silvian Burger 0-0: Called Strike
0-1: Ball
1-1: Swinging Strike
1-2: SINGLE (Line Drive, 6D, EV 97.5 MPH)
Tim O'Neal to second
Runner from 2nd tries for 3rd, SAFE, no throw by CF
Batting: RHB José Vargas 0-0: Ball
1-0: Ball
Silvian Burger steals 2nd base
2-0: Called Strike
2-1: Called Strike
2-2: Strikes out swinging
Pitching: LHP Gil Herrera
Batting: SHB Cecil Nelson 0-0: Foul Ball, location: 2F
0-1: 3-RUN HOME RUN (Line Drive, 7D, EV 108.8 MPH), Distance : 441 ft
Batting: LHB Jesús Colón 0-0: Fly out, F5 (Popup, 56S, EV 83.1 MPH)
Batting: RHB George Hubbard 0-0: SINGLE (Groundball, 56D, EV 111.2 MPH)
Batting: RHB Tony Hernández 0-0: Ball
1-0: Swinging Strike
1-1: Foul Ball, location: 2F
1-2: Strikes out looking
Top of the 8th over - 3 runs, 3 hits, 0 errors, 1 left on base; Sunset District 7 - Augusta 2
BOTTOM OF THE 8TH
Augusta Timber Hawks batting - Pitching for Sunset District Fog : RHP Akinori Yamauchi
Batting: SHB Francisco Enríquez 0-0: Fly out, F7 (Flyball, 7, EV 91.2 MPH)
Pitching: RHP Jeff Seawright
Batting: LHB Seung-soo Ch'ae 0-0: Fly out, F7 (Flyball, 78S, EV 96.9 MPH)
Batting: LHB Ramiro Palmeiro 0-0: Called Strike
0-1: Foul Ball, location: 2F
0-2: Ball
1-2: Foul Ball, location: 2F
1-2: Strikes out looking
Bottom of the 8th over - 0 runs, 0 hits, 0 errors, 0 left on base; Sunset District 7 - Augusta 2
TOP OF THE 9TH
Sunset District Fog batting - Pitching for Augusta Timber Hawks : LHP Gil Herrera
Batting: SHB Zack Murphy 0-0: Ball
1-0: Called Strike
1-1: Called Strike
1-2: Ball
2-2: Foul Ball, location: 2F
2-2: Ball
3-2: Ground out 6-3 (Groundball, 6D, EV 106.9 MPH)
Batting: RHB Vonne Navarrete 0-0: Called Strike
0-1: Ball
1-1: Ball
2-1: Foul Ball, location: 2F
2-2: Strikes out swinging
Batting: LHB Tim O'Neal 0-0: SINGLE (Groundball, 34, EV 81.2 MPH) (infield hit)
Batting: RHB Silvian Burger 0-0: Called Strike
Tim O'Neal is caught stealing 2nd base 2-4
Top of the 9th over - 0 runs, 1 hit, 0 errors, 0 left on base; Sunset District 7 - Augusta 2
BOTTOM OF THE 9TH
Augusta Timber Hawks batting - Pitching for Sunset District Fog : RHP Jeff Seawright
Batting: RHB Juan Chávez 0-0: Called Strike
0-1: Called Strike
0-2: Ball
1-2: Foul Ball, location: 2F
1-2: Ball
2-2: Foul Ball, location: 2F
2-2: Foul Ball, location: 2F
2-2: Ball
3-2: Foul Ball, location: 2F
3-2: SINGLE (Line Drive, 9LM, EV 86.9 MPH)
Batting: RHB David Martínez 0-0: Foul Ball, location: 2F
0-1: Ball
1-1: Foul Ball, location: 2F
1-2: Foul Ball, location: 2F
1-2: Ball
2-2: Fly out, F7 (Line Drive, 7D, EV 89.4 MPH)
Batting: LHB Ken Gill 0-0: Grounds into double play, 5-4-3 (Groundball, 56, EV 83.8 MPH)
Bottom of the 9th over - 0 runs, 1 hit, 0 errors, 0 left on base; Sunset District 7 - Augusta 2
Thursday, January 23rd, 2020 - OOTP Baseball 20.8 Build 74